cohdb
Replays
Latest Replays
All Replays
Popular Replays
Top Player Replays
Match Explorer
How It Works
Community
CoH3 Stats
Reddit
Sign in to upload your games and track your stats! →
Sign in with Steam
Match 38748515
Unlisted
Match 38748515
Overview
Messages
Build Orders
End
Kettenkrad Recon Vehicle
Construct Infanterie Kompanie
Selects Breakthrough Battlegroup
Selects Assault Grenadiers
Grenadier Squad
MG 42 Machine Gun Team
Grenadier Squad
Construct Luftwaffe Kompanie
Selects Rapid Production
Grenadier Squad
Infanterie Officer Quarters
Support Elements
Jäger Squad
Wirbelwind Flakpanzer
Marder III M Tank Destroyer
Marder III M Tank Destroyer
Selects Blitzkrieg
Wirbelwind Flakpanzer
LawSlay
只愛❤毛妹
0
0
Comments
sign in to comment!
No comments posted yet!